General information
- name: BNet
- type: Ladder team game (AT/RT)
- host: Battle.net
- saver: consuva
map: Northshire_LV
- players: 8
- length: 48:36
- speed: Fast
- version: 1.29 W3XP
- replay type: Public
» download(497 KB)
Players
team 1 (winner)
DASKA (
pink | 62 APM | 2967 actions | 47:41)
10 Priestess of the Moon
3 Trueshot Aura
3 Searing Arrows
1 Starfall
3 Scout
1 Dreadlord
1 Sleep
» actions
| Assign group hotkey | 51 | |
| Basic commands | 11 | |
| Build / train | 106 | |
| Enter build submenu | 32 | |
| Enter hero's abilities submenu | 10 | |
| Give item / drop item | 6 | |
| Right click | 1177 | |
| Select / deselect | 491 | |
| Select group hotkey | 930 | |
| Use ability | 153 | |
2967 total
» units
| Wisp | 33 | |
| Huntress | 10 | |
| Hippogryph | 9 | |
| Chimaera | 8 | |
| Siege Engine | 1 | |
61 total
» upgrades
| Strength of the Wild | 4 | |
| Reinforced Hides | 3 | |
| Ultravision | 2 | |
| Corrosive Breath | 1 | |
| Well Spring | 1 | |
| Moon Armor | 1 | |
| Barrage | 1 | |
13 total
» buildings
| Moon Well | 8 | |
| Hunter's Hall | 1 | |
| Ancient of War | 2 | |
| Altar of Elders | 1 | |
| Tree of Life | 1 | |
| Ancient Protector | 3 | |
| Tree of Ages | 2 | |
| Tree of Eternity | 1 | |
| Ancient of Wind | 4 | |
| Ancient of Wonders | 2 | |
| Chimaera Roost | 2 | |
27 total
» build order
00:38 Moon Well
01:34 Hunter's Hall
01:42 Ancient of War
01:45 Ancient of War
01:48 Altar of Elders
02:01 Moon Well
02:35 Moon Well
05:02 Moon Well
05:42 Tree of Life
06:01 Ancient Protector
06:08 Ancient Protector
06:28 Ancient Protector
08:08 Tree of Ages
08:08 Tree of Ages
10:34 Tree of Eternity
10:36 Ancient of Wind
10:38 Ancient of Wind
11:17 Ancient of Wonders
11:51 Moon Well
12:22 Moon Well
12:47 Moon Well
13:28 Chimaera Roost
13:30 Chimaera Roost
19:39 Moon Well
23:18 Ancient of Wind
23:21 Ancient of Wind
23:48 Ancient of Wonders
» items
| Scroll of Town Portal | 7 | |
| Potion of Lesser Invulnerability | 1 | |
| Anti-magic Potion | 2 | |
| Scroll of Healing | 2 | |
| Scroll of Protection | 1 | |
| Dust of Appearance | 1 | |
| Potion of Healing | 1 | |
| Staff of Teleportation | 1 | |
16 total
Iconless (
blue | 65 APM | 2110 actions | 32:38)
7 Dreadlord
3 Vampiric Aura
3 Carrion Swarm
1 Inferno
» actions
| Assign group hotkey | 30 | |
| Basic commands | 118 | |
| Build / train | 113 | |
| Enter build submenu | 22 | |
| Enter hero's abilities submenu | 7 | |
| Remove unit from queue | 12 | |
| Right click | 1080 | |
| Select / deselect | 347 | |
| Select group hotkey | 329 | |
| Use ability | 52 | |
2110 total
» units
| Acolyte | 22 | |
| Ghoul | 21 | |
| Abomination | 9 | |
| Gargoyle | 23 | |
| Crypt Fiend | 6 | |
81 total
» upgrades
| Cannibalize | 1 | |
| Creature Carapace | 2 | |
3 total
» buildings
| Ziggurat | 9 | |
| Crypt | 2 | |
| Altar of Darkness | 1 | |
| Halls of the Dead | 2 | |
| Graveyard | 1 | |
| Black Citadel | 1 | |
| Slaughterhouse | 2 | |
| Tomb of Relics | 1 | |
| Spirit Tower | 2 | |
21 total
» build order
00:08 Ziggurat
00:11 Crypt
00:35 Altar of Darkness
00:53 Ziggurat
01:39 Crypt
02:36 Halls of the Dead
02:36 Halls of the Dead
03:50 Ziggurat
04:32 Graveyard
05:11 Black Citadel
06:11 Slaughterhouse
06:15 Slaughterhouse
06:23 Ziggurat
06:43 Tomb of Relics
09:54 Ziggurat
12:42 Ziggurat
15:25 Ziggurat
17:31 Ziggurat
19:51 Spirit Tower
28:52 Spirit Tower
31:13 Ziggurat
» items
| Scroll of Town Portal | 1 | |
| Potion of Healing | 3 | |
4 total
consuva (
green | 149 APM | 7250 actions | 48:36)
8 Archmage
3 Summon Water Elemental
3 Brilliance Aura
1 Mass Teleport
1 Blizzard
8 Mountain King
3 Storm Bolt
3 Bash
1 Avatar
1 Thunder Clap
5 Goblin Alchemist
2 Healing Spray
2 Acid Bomb
1 Chemical Rage
» actions
| Assign group hotkey | 92 | |
| Basic commands | 272 | |
| Build / train | 221 | |
| ESC pressed | 2 | |
| Enter build submenu | 60 | |
| Enter hero's abilities submenu | 21 | |
| Give item / drop item | 13 | |
| Right click | 2320 | |
| Select / deselect | 1145 | |
| Select group hotkey | 2664 | |
| Use ability | 440 | |
7250 total
» units
| Peasant | 13 | |
| Footman | 4 | |
| Rifleman | 10 | |
| Goblin Shredder | 1 | |
| Sorceress | 10 | |
| Priest | 8 | |
| Spell Breaker | 6 | |
| Mortar Team | 4 | |
| Goblin Zeppelin | 1 | |
| Goblin Sapper | 2 | |
| Siege Engine | 6 | |
65 total
» upgrades
| Gunpowder | 3 | |
| Armor | 3 | |
| Sorceress Training | 2 | |
| Priest Training | 2 | |
| Long Rifles | 1 | |
| Swords | 3 | |
| Masonry | 3 | |
| Plating | 3 | |
| Animal War Training | 1 | |
| Control Magic | 1 | |
| Fragmentation Shards | 1 | |
| Storm Hammers | 1 | |
| Cloud | 1 | |
| Lumber Harvesting | 2 | |
| Flare | 1 | |
| Barrage | 1 | |
29 total
» buildings
| Altar of Kings | 1 | |
| Barracks | 1 | |
| Farm | 11 | |
| Arcane Vault | 2 | |
| Blacksmith | 1 | |
| Keep | 3 | |
| Town Hall | 3 | |
| Castle | 2 | |
| Scout Tower | 31 | |
| Arcane Sanctum | 2 | |
| Lumber Mill | 1 | |
| Arcane Tower | 4 | |
| Guard Tower | 30 | |
| Gryphon Aviary | 2 | |
| Workshop | 2 | |
96 total
» build order
00:46 Altar of Kings
00:49 Barracks
00:51 Farm
01:06 Farm
01:16 Farm
02:05 Arcane Vault
02:22 Farm
02:46 Blacksmith
03:26 Keep
03:26 Keep
03:27 Keep
04:31 Town Hall
06:53 Farm
07:02 Castle
07:02 Castle
07:35 Scout Tower
07:36 Scout Tower
07:38 Scout Tower
08:13 Arcane Sanctum
08:15 Arcane Sanctum
10:05 Town Hall
10:07 Scout Tower
10:08 Scout Tower
10:38 Scout Tower
10:40 Scout Tower
10:41 Scout Tower
10:42 Scout Tower
10:47 Lumber Mill
10:57 Arcane Tower
11:06 Scout Tower
11:08 Arcane Vault
11:11 Arcane Tower
11:12 Arcane Tower
11:31 Guard Tower
11:31 Guard Tower
11:32 Guard Tower
11:32 Guard Tower
11:33 Guard Tower
11:33 Guard Tower
11:36 Guard Tower
11:36 Guard Tower
11:44 Guard Tower
11:44 Guard Tower
13:43 Gryphon Aviary
13:47 Gryphon Aviary
16:53 Scout Tower
16:54 Scout Tower
16:56 Scout Tower
16:57 Scout Tower
16:59 Scout Tower
17:21 Guard Tower
17:22 Guard Tower
17:22 Guard Tower
17:22 Guard Tower
17:23 Guard Tower
17:23 Guard Tower
17:26 Guard Tower
17:27 Guard Tower
17:27 Guard Tower
17:27 Guard Tower
17:46 Workshop
17:47 Workshop
18:05 Farm
18:06 Farm
18:11 Farm
18:30 Farm
19:32 Farm
22:38 Town Hall
22:41 Scout Tower
22:42 Scout Tower
22:43 Scout Tower
22:45 Scout Tower
23:39 Guard Tower
23:40 Guard Tower
24:30 Guard Tower
24:30 Guard Tower
25:50 Scout Tower
25:52 Scout Tower
25:54 Scout Tower
25:56 Scout Tower
25:59 Scout Tower
26:02 Scout Tower
26:40 Guard Tower
26:40 Guard Tower
26:40 Guard Tower
29:02 Farm
29:09 Scout Tower
29:12 Scout Tower
30:51 Scout Tower
30:53 Scout Tower
30:53 Scout Tower
30:54 Scout Tower
31:34 Arcane Tower
31:35 Guard Tower
31:35 Guard Tower
31:42 Guard Tower
» items
| Scroll of Regeneration | 8 | |
| Mechanical Critter | 8 | |
| Boots of Speed | 2 | |
| Periapt of Vitality | 5 | |
| Potion of Lesser Invulnerability | 4 | |
| Scroll of Protection | 3 | |
| Potion of Invisibility | 1 | |
| Orb of Corruption | 1 | |
| Staff of Sanctuary | 1 | |
| Scroll of Town Portal | 3 | |
| Potion of Healing | 2 | |
| Staff of Teleportation | 1 | |
| Orb of Venom | 1 | |
| Circlet of Nobility | 1 | |
| Scroll of Healing | 1 | |
| Lesser Clarity Potion | 1 | |
| Orb of Fire | 1 | |
44 total
darkgatus (
yellow | 37 APM | 1099 actions | 29:39)
5 Archmage
3 Blizzard
2 Brilliance Aura
» actions
| Basic commands | 438 | |
| Build / train | 102 | |
| ESC pressed | 6 | |
| Enter build submenu | 33 | |
| Enter hero's abilities submenu | 5 | |
| Give item / drop item | 2 | |
| Right click | 7 | |
| Select / deselect | 417 | |
| Use ability | 89 | |
1099 total
» units
| Peasant | 20 | |
| Footman | 8 | |
| Flying Machine | 14 | |
| Sorceress | 7 | |
| Mortar Team | 11 | |
60 total
» upgrades
| Masonry | 2 | |
| Gunpowder | 3 | |
| Defend | 1 | |
| Sorceress Training | 2 | |
| Flak Cannons | 1 | |
| Plating | 3 | |
| Armor | 1 | |
| Flying Machine Bombs | 1 | |
| Fragmentation Shards | 1 | |
15 total
» buildings
| Altar of Kings | 1 | |
| Farm | 10 | |
| Barracks | 1 | |
| Scout Tower | 8 | |
| Arcane Tower | 6 | |
| Town Hall | 2 | |
| Arcane Vault | 1 | |
| Keep | 1 | |
| Lumber Mill | 1 | |
| Guard Tower | 3 | |
| Blacksmith | 1 | |
| Arcane Sanctum | 1 | |
| Castle | 1 | |
| Workshop | 2 | |
39 total
» build order
00:16 Altar of Kings
00:23 Farm
00:39 Farm
00:54 Barracks
01:36 Farm
01:45 Farm
02:10 Farm
02:18 Scout Tower
02:50 Arcane Tower
05:04 Town Hall
05:14 Scout Tower
05:24 Arcane Vault
05:37 Scout Tower
05:53 Keep
06:02 Arcane Tower
06:04 Arcane Tower
06:12 Scout Tower
06:17 Arcane Tower
06:34 Lumber Mill
07:18 Farm
07:41 Guard Tower
07:48 Scout Tower
08:02 Blacksmith
08:07 Scout Tower
08:49 Arcane Sanctum
08:51 Guard Tower
09:27 Castle
09:33 Workshop
09:37 Workshop
10:04 Guard Tower
10:09 Farm
11:55 Farm
14:38 Farm
14:42 Farm
15:29 Scout Tower
15:34 Scout Tower
16:51 Arcane Tower
17:28 Town Hall
24:18 Arcane Tower
» items
| Scroll of Regeneration | 2 | |
| Potion of Invisibility | 1 | |
| Boots of Speed | 1 | |
| Potion of Healing | 3 | |
| Scroll of Town Portal | 3 | |
10 total
team 2 (loser)
rockylovesemily (
orange | 73 APM | 3254 actions | 44:37)
6 Archmage
2 Summon Water Elemental
1 Brilliance Aura
2 Blizzard
1 Mass Teleport
4 Mountain King
2 Storm Bolt
1 Bash
1 Thunder Clap
4 Paladin
1 Holy Light
2 Divine Shield
1 Devotion Aura
» actions
| Assign group hotkey | 30 | |
| Basic commands | 17 | |
| Build / train | 109 | |
| ESC pressed | 12 | |
| Enter build submenu | 37 | |
| Enter hero's abilities submenu | 14 | |
| Give item / drop item | 12 | |
| Right click | 1142 | |
| Select / deselect | 844 | |
| Select group hotkey | 787 | |
| Use ability | 249 | |
3254 total
» units
| Peasant | 12 | |
| Footman | 6 | |
| Goblin Shredder | 1 | |
| Gryphon Rider | 6 | |
| Dragonhawk Rider | 9 | |
| Rifleman | 6 | |
| Necromancer | 2 | |
| Knight | 1 | |
43 total
» upgrades
| Defend | 1 | |
| Animal War Training | 1 | |
| Storm Hammers | 1 | |
| Cloud | 1 | |
| Swords | 2 | |
| Armor | 4 | |
| Long Rifles | 1 | |
| Gunpowder | 2 | |
| Necromancer Training | 2 | |
| Skeletal Mastery | 1 | |
| Skeletal Longevity | 1 | |
| Creature Attack | 1 | |
| Creature Carapace | 1 | |
19 total
» buildings
| Barracks | 2 | |
| Altar of Kings | 1 | |
| Farm | 12 | |
| Lumber Mill | 1 | |
| Scout Tower | 6 | |
| Arcane Vault | 1 | |
| Keep | 2 | |
| Town Hall | 4 | |
| Arcane Tower | 1 | |
| Castle | 2 | |
| Gryphon Aviary | 3 | |
| Blacksmith | 2 | |
| Guard Tower | 3 | |
| Arcane Sanctum | 2 | |
| Crypt | 2 | |
44 total
» build order
00:26 Barracks
00:35 Altar of Kings
00:39 Farm
00:42 Farm
01:24 Farm
01:52 Lumber Mill
01:55 Scout Tower
02:04 Farm
02:33 Arcane Vault
03:17 Farm
03:53 Keep
04:30 Town Hall
05:32 Scout Tower
06:04 Arcane Tower
06:30 Castle
07:08 Gryphon Aviary
07:08 Gryphon Aviary
07:12 Farm
07:13 Farm
07:14 Farm
07:36 Gryphon Aviary
08:10 Blacksmith
08:12 Blacksmith
09:09 Farm
09:10 Farm
09:56 Guard Tower
10:02 Guard Tower
12:30 Farm
12:30 Farm
16:49 Town Hall
16:50 Scout Tower
16:50 Scout Tower
16:51 Scout Tower
16:52 Scout Tower
18:39 Barracks
19:36 Guard Tower
19:53 Arcane Sanctum
20:33 Arcane Sanctum
22:59 Keep
23:11 Town Hall
23:16 Town Hall
25:21 Crypt
27:15 Castle
31:32 Crypt
» items
| Scroll of Regeneration | 5 | |
| Boots of Speed | 1 | |
| Orb of Fire | 1 | |
| Ivory Tower | 3 | |
| Scroll of Town Portal | 6 | |
| Orb of Corruption | 1 | |
| Lesser Clarity Potion | 3 | |
| Staff of Teleportation | 1 | |
| Potion of Healing | 1 | |
22 total
itsnevereasy (
teal | 70 APM | 3138 actions | 44:42)
6 Mountain King
3 Storm Bolt
2 Bash
1 Avatar
4 Paladin
3 Holy Light
1 Divine Shield
1 Dreadlord
1 Sleep
» actions
| Assign group hotkey | 65 | |
| Basic commands | 61 | |
| Build / train | 101 | |
| Enter build submenu | 28 | |
| Enter hero's abilities submenu | 12 | |
| Give item / drop item | 2 | |
| Remove unit from queue | 3 | |
| Right click | 1098 | |
| Select / deselect | 746 | |
| Select group hotkey | 847 | |
| Use ability | 175 | |
3138 total
» units
| Peasant | 17 | |
| Footman | 8 | |
| Mortar Team | 4 | |
| Rifleman | 1 | |
| Siege Engine | 9 | |
| Frost Wyrm | 8 | |
| Obsidian Statue | 2 | |
49 total
» upgrades
| Fragmentation Shards | 1 | |
| Gunpowder | 3 | |
| Plating | 3 | |
| Flare | 1 | |
| Barrage | 1 | |
9 total
» buildings
| Altar of Kings | 1 | |
| Barracks | 1 | |
| Farm | 12 | |
| Town Hall | 1 | |
| Keep | 3 | |
| Arcane Vault | 1 | |
| Scout Tower | 1 | |
| Arcane Tower | 1 | |
| Blacksmith | 1 | |
| Castle | 2 | |
| Workshop | 3 | |
| Lumber Mill | 1 | |
| Sacrificial Pit | 1 | |
| Boneyard | 3 | |
32 total
» build order
00:09 Altar of Kings
00:22 Barracks
00:35 Farm
00:50 Farm
01:31 Farm
03:13 Town Hall
04:04 Keep
04:04 Keep
04:13 Farm
04:18 Arcane Vault
04:22 Scout Tower
04:52 Arcane Tower
05:36 Blacksmith
05:40 Farm
06:32 Castle
06:32 Castle
06:53 Workshop
07:23 Workshop
08:09 Workshop
09:14 Lumber Mill
11:31 Farm
11:32 Farm
11:32 Farm
11:50 Farm
13:29 Farm
13:29 Farm
13:29 Farm
19:31 Sacrificial Pit
23:32 Boneyard
23:36 Boneyard
23:39 Boneyard
40:00 Keep
» items
| Lesser Clarity Potion | 5 | |
| Potion of Healing | 3 | |
| Potion of Mana | 2 | |
| Scroll of Town Portal | 4 | |
| Staff of Sanctuary | 2 | |
| Orb of Corruption | 1 | |
17 total
GoldSkull69 (
purple | 63 APM | 3052 actions | 48:36)
10 Blademaster
3 Wind Walk
3 Critical Strike
1 Bladestorm
3 Mirror Image
» actions
| Assign group hotkey | 65 | |
| Basic commands | 60 | |
| Build / train | 110 | |
| Enter build submenu | 84 | |
| Enter hero's abilities submenu | 11 | |
| Give item / drop item | 14 | |
| Right click | 1520 | |
| Select / deselect | 499 | |
| Select group hotkey | 290 | |
| Use ability | 399 | |
3052 total
» units
| Peon | 14 | |
| Grunt | 4 | |
| Goblin Shredder | 2 | |
| Goblin Zeppelin | 5 | |
| Goblin Sapper | 10 | |
| Troll Batrider | 14 | |
49 total
» upgrades
| Reinforced Defenses | 1 | |
| Ranged Weapons | 3 | |
| Armor | 3 | |
| Liquid Fire | 1 | |
| Troll Regeneration | 1 | |
| Spiked Barricades | 1 | |
10 total
» buildings
| Orc Burrow | 5 | |
| Altar of Storms | 1 | |
| Barracks | 1 | |
| Voodoo Lounge | 4 | |
| Stronghold | 1 | |
| War Mill | 1 | |
| Great Hall | 4 | |
| Fortress | 1 | |
| Watch Tower | 62 | |
| Beastiary | 4 | |
84 total
» build order
00:17 Orc Burrow
01:03 Altar of Storms
01:03 Barracks
01:07 Orc Burrow
02:29 Voodoo Lounge
03:11 Stronghold
03:57 War Mill
04:09 Orc Burrow
05:07 Great Hall
06:05 Fortress
06:25 Watch Tower
06:26 Watch Tower
06:59 Watch Tower
07:00 Watch Tower
07:03 Watch Tower
07:04 Watch Tower
08:39 Watch Tower
08:40 Watch Tower
08:40 Watch Tower
10:39 Watch Tower
10:39 Watch Tower
10:40 Watch Tower
10:41 Watch Tower
10:41 Watch Tower
10:42 Watch Tower
12:13 Voodoo Lounge
12:16 Watch Tower
12:17 Watch Tower
12:17 Watch Tower
12:18 Watch Tower
12:48 Beastiary
12:50 Beastiary
13:37 Beastiary
13:39 Beastiary
14:18 Orc Burrow
14:20 Orc Burrow
21:11 Watch Tower
21:11 Watch Tower
21:12 Watch Tower
21:12 Watch Tower
21:12 Watch Tower
22:29 Watch Tower
22:29 Watch Tower
23:32 Watch Tower
23:33 Watch Tower
23:33 Watch Tower
24:15 Watch Tower
24:23 Watch Tower
24:23 Watch Tower
24:43 Great Hall
24:47 Watch Tower
24:47 Watch Tower
24:48 Watch Tower
24:50 Watch Tower
24:50 Watch Tower
24:53 Watch Tower
24:53 Watch Tower
25:19 Watch Tower
25:19 Watch Tower
27:17 Watch Tower
27:17 Watch Tower
27:18 Watch Tower
27:21 Great Hall
27:23 Watch Tower
27:23 Watch Tower
29:37 Watch Tower
29:39 Watch Tower
29:39 Watch Tower
29:51 Watch Tower
29:51 Watch Tower
29:54 Watch Tower
29:54 Watch Tower
33:14 Great Hall
33:16 Watch Tower
33:16 Watch Tower
33:17 Watch Tower
33:17 Watch Tower
33:19 Watch Tower
33:23 Voodoo Lounge
34:27 Watch Tower
34:27 Watch Tower
34:27 Watch Tower
34:27 Watch Tower
34:30 Voodoo Lounge
» items
| Healing Salve | 7 | |
| Lesser Clarity Potion | 9 | |
| Scroll of Town Portal | 6 | |
| Orb of Lightning | 1 | |
| Potion of Mana | 7 | |
| Potion of Healing | 6 | |
| Scroll of Regeneration | 1 | |
37 total

»
awl (
red | 74 APM | 1409 actions | 19:02)
4 Dreadlord
2 Sleep
2 Vampiric Aura
» actions
| Assign group hotkey | 27 | |
| Basic commands | 117 | |
| Build / train | 113 | |
| Enter build submenu | 23 | |
| Enter hero's abilities submenu | 4 | |
| Give item / drop item | 3 | |
| Right click | 520 | |
| Select / deselect | 290 | |
| Select group hotkey | 190 | |
| Use ability | 122 | |
1409 total
» units
| Acolyte | 7 | |
| Ghoul | 18 | |
| Goblin Shredder | 3 | |
| Abomination | 13 | |
| Obsidian Statue | 3 | |
| Banshee | 12 | |
56 total
» upgrades
| Cannibalize | 1 | |
| Unholy Strength | 3 | |
| Unholy Armor | 3 | |
| Disease Cloud | 1 | |
| Banshee Training | 2 | |
| Destroyer Form | 1 | |
11 total
» buildings
| Ziggurat | 8 | |
| Graveyard | 1 | |
| Crypt | 1 | |
| Altar of Darkness | 1 | |
| Tomb of Relics | 1 | |
| Nerubian Tower | 5 | |
| Spirit Tower | 9 | |
| Halls of the Dead | 1 | |
| Necropolis | 1 | |
| Black Citadel | 3 | |
| Slaughterhouse | 3 | |
| Temple of the Damned | 2 | |
36 total
» build order
00:18 Ziggurat
00:24 Graveyard
00:59 Crypt
01:07 Altar of Darkness
01:22 Ziggurat
01:36 Tomb of Relics
01:49 Nerubian Tower
01:49 Nerubian Tower
02:19 Spirit Tower
02:19 Spirit Tower
02:19 Spirit Tower
03:02 Ziggurat
04:32 Halls of the Dead
05:13 Ziggurat
05:36 Necropolis
05:54 Ziggurat
06:13 Spirit Tower
06:13 Spirit Tower
06:42 Nerubian Tower
06:42 Nerubian Tower
06:42 Nerubian Tower
07:02 Spirit Tower
07:02 Spirit Tower
07:27 Black Citadel
07:27 Black Citadel
07:27 Black Citadel
08:16 Slaughterhouse
08:18 Slaughterhouse
09:06 Slaughterhouse
09:33 Temple of the Damned
09:38 Temple of the Damned
10:04 Spirit Tower
10:04 Spirit Tower
10:47 Ziggurat
13:07 Ziggurat
13:09 Ziggurat
» items
| Rod of Necromancy | 3 | |
| Sacrificial Skull | 1 | |
| Potion of Healing | 1 | |
| Orb of Corruption | 1 | |
| Potion of Mana | 1 | |
| Scroll of Town Portal | 2 | |
9 total
Chat log
(07:57 / Allies) DASKA: 4
(08:25 / Allies) DASKA: come fast
(09:53 / Allies) DASKA: gryph
(09:57 / Allies) DASKA: need aa
(10:43 / Allies) DASKA: care
(10:58 / Allies) DASKA: need mass aa
(11:04 / Allies) Iconless: getting gargs
(11:57 / Allies) DASKA: b
(12:14 / Allies) consuva: lumber anyone?
(12:58 / Allies) DASKA: go?
(13:04 / Allies) Iconless: ya we gotta hit
(13:37 / Allies) DASKA: we need go
(14:03 / Allies) consuva: lumber anyone?
(14:45 / Allies) DASKA: b
(14:47 / Allies) DASKA: care of tank
(14:54 / Allies) DASKA: what u do..
(14:58 / Allies) Iconless: i back
(16:11 / Allies) DASKA: man
(16:13 / Allies) DASKA: u so useless
(16:29 / Allies) DASKA: tp out
(16:32 / Allies) DASKA: leave it
(16:36 / Allies) DASKA: tp out
(16:36 / Allies) DASKA: b
(17:44 / Allies) DASKA: all tp
(17:45 / Allies) DASKA: or lose
(17:55 / Allies) Iconless: gogo
(18:24 / All) DASKA: LOL USLEESS GYRO
(19:44 / Allies) DASKA: bro..
(19:51 / Allies) consuva: lol
(19:54 / Allies) consuva: wc3 pathfinding at work
(19:55 / Allies) consuva: brilliant
(20:04 / Allies) DASKA: ^^
(21:21 / Allies) DASKA: focus tank
(21:22 / Allies) DASKA: first
(24:41 / All) consuva: I have a noob team
(24:51 / Allies) DASKA: we win chill
(25:04 / Allies) DASKA: need to clear orc
(25:04 / Allies) DASKA: bats
(25:08 / Allies) Iconless: bm fucked my base while we were attacking
(27:49 / Allies) DASKA: tp
(29:10 / Allies) darkgatus: why did green tp
(29:13 / Allies) darkgatus: out
(29:18 / Allies) Iconless: green
(29:20 / Allies) Iconless: hit purple
(29:20 / Allies) consuva: I like to go in and out
(29:21 / Allies) Iconless: gogogogogog
(29:22 / Allies) consuva: in and out
(29:23 / Allies) consuva: in and out
(29:25 / Allies) Iconless: he is crippling me
(29:28 / Allies) Iconless: do something
(29:30 / Allies) Iconless: pressure hi
(29:30 / Allies) consuva: k
(29:32 / Allies) consuva: I'll creep golems
(29:33 / Allies) consuva: for items
(29:43 / Allies) consuva: ?
(29:45 / Allies) consuva: whyd he leave
(29:53 / Allies) consuva: does yellow not like items?
(32:09 / All) DASKA: rofl this hu
(32:20 / All) consuva: ?
(32:20 / All) GoldSkull69: THANKS FOR LEVEL 10, BABE
(32:25 / Allies) Iconless: send me money green
(32:33 / All) Iconless: sitting on 6k gold
(32:34 / All) Iconless: rofl
(33:03 / All) GoldSkull69: RUH ROH
(33:08 / All) GoldSkull69: forgot my tp!
(44:08 / All) DASKA: gj orc
(44:47 / All) GoldSkull69: lol
(44:49 / All) GoldSkull69: orange tried to tk me
(44:58 / All) consuva: Time to lose pink
(45:25 / All) consuva: You lose pink
(45:27 / All) consuva: last legit player
(45:28 / All) consuva: Game over
(46:45 / All) consuva: You lose pink
(46:50 / All) consuva: do you understand?
(46:54 / All) DASKA: wow u so retard man
(47:22 / All) DASKA: btw i go smoke u can enjoy
(47:24 / All) DASKA: :)
(47:30 / All) consuva: enjoy your junkie drugs
(47:46 / All) consuva: SMOOTH
(47:48 / All) consuva: SMOOTH
(47:49 / All) consuva: WOOOO
(48:04 / All) GoldSkull69: stats but orange should lose
(48:07 / All) consuva: 26-11 pink
(48:12 / All) consuva: 43-45 blue
(48:17 / All) consuva: 262-270 yel
(48:23 / All) GoldSkull69: 40-33 orange, 61-57 teal
(48:29 / All) consuva: your team lose
(48:31 / All) GoldSkull69: Pink got best rec but orange tried to tk me lol
(48:35 / All) GoldSkull69: k